cohdb
Replays
Latest Replays
All Replays
Popular Replays
Top Player Replays
Match Explorer
How It Works
Community
CoH3 Stats
Reddit
Sign in to upload your games and track your stats! →
Sign in with Steam
Match 45615439
Unlisted
Match 45615439
Overview
Messages
Build Orders
End
Construct Barracks
Scout Squad
Selects Armored Battlegroup
Selects Veteran Crews
Riflemen Squad
1⁄4-ton 4x4 Truck
Riflemen Squad
Infantry Support Center
Selects Fast Deploy
Construct Motor Pool
M8 Greyhound Armored Car
Construct Medical Station
Engineer Squad
Selects M31 Recovery Vehicle
M1918 Browning Automatic Rifles
Engineer Squad
Riflemen Squad
Selects War Machine
Construct Tank Depot
M4(105) Sherman Bulldozer
Riflemen Squad
Engineer Squad
Selects M8 Scott SPG
Selects UNKNOWN (2160077)
M8 Scott SPG
M1 Anti-tank Gun Team
M18 Hellcat Tank Destroyer
M4A3E8 Sherman Easy Eight
Riflemen Squad
M4A3E8 Sherman Easy Eight
Riflemen Squad
M4A1 Sherman Medium Tank
Grenade Package
Max1boy
Rolling9Deep
0
0
Comments
sign in to comment!
No comments posted yet!